Jets vs Avalanche

Created - February 2, 2017 at 18:14

Goals
1 2 3 T
Jets 2 2 4 8
Avalanche 2 2 1 5
Shots
1 2 3 T
Jets 7 10 15 32
Avalanche 12 10 12 34

1st period

1. Jets , Rickard Rakell 13 (Radko Gudas, Frans Nielsen) at 1:27
2. Avalanche , Derek Stepan 23 (Jeff Skinner) at 7:28
3. Avalanche , Max Domi 13 (Dylan Larkin, Tomas Hertl) at 13:57
4. Jets , Adam Lowry 2 (Hampus Lindholm) at 18:37

Penalties :
Martin Hanzal (COL) for Holding (Minor) at 2:15, Rickard Rakell (WPG) for Cross-checking (Minor) at 14:30

2nd period

5. Jets , Cam Atkinson 25 (Nick Holden, Brayden Schenn) at 2:27 (PP)
6. Avalanche , Derek Stepan 24 (Alexander Steen, Sami Vatanen) at 14:53 (PP)
7. Avalanche , Kevin Bieksa 4 (Alexander Steen, Mats Zuccarello) at 15:48
8. Jets , Cam Atkinson 26 (Brayden Schenn, Tobias Enstrom) at 17:49

Penalties :
Mark Stuart (COL) for Hooking (Minor) at 1:57, Scott Mayfield (WPG) for Roughing (Minor) at 14:27, Kevin Bieksa (COL) for High sticking (Minor) at 19:21

3rd period

9. Jets , Jaromir Jagr 15 (Joe Pavelski, Jamie Benn) at 0:16 (PP)
10. Jets , Jamie Benn 19 (Joe Pavelski, Nick Holden) at 1:11
11. Jets , Joe Pavelski 26 (Jamie Benn, Jaromir Jagr) at 7:02 (PP)
12. Avalanche , Tomas Hertl 10 (Max Domi, Dylan Larkin) at 9:08
13. Jets , Ben Lovejoy 2 (Jaromir Jagr, Tobias Enstrom) at 14:57 (PP)

Penalties :
Kevin Bieksa (COL) for Hooking (Minor) at 5:44, David Backes (COL) for Hooking (Minor) at 14:13

Goalie Stats

Cory Schneider (WPG), 29 saves from 34 shots - (0.853), W, 25-13-3, 60:00 minutes
Jake Allen (COL), 14 saves from 20 shots - (0.700), L, 19-8-2, 41:11 minutes
Jimmy Howard (COL), 10 saves from 12 shots - (0.833), 18:49 minutes

Players Stats for Jets

Player Name              G  A  P  +/- PIM S  H  SB GA TA FO     MP     PP MP  PK MP  
------------------------------------------------------------------------------------
Adam Lowry               1  0  1   1  0   2  4  1  0  0  0/3     9:35   0:00   1:37 
Ben Lovejoy              1  0  1  -1  0   1  4  0  0  0  0/0    19:11   0:50   0:48 
Boyd Gordon              0  0  0   1  0   0  0  1  0  0  3/10    9:35   0:00   1:37 
Brayden Schenn           0  2  2   1  0   3  2  0  0  0  0/0    18:19   2:15   0:34 
Cam Atkinson             2  0  2   0  0   4  0  0  0  0  0/1    17:41   2:15   0:14 
David Krejci             0  0  0   0  0   0  0  0  0  0  1/2     1:17   0:49   0:00 
Frans Nielsen            0  1  1   0  0   0  0  0  0  0  7/12   10:45   0:40   0:14 
Hampus Lindholm          0  1  1   0  0   3  3  1  0  0  0/0    25:56   3:33   1:37 
Jamie Benn               1  2  3  -1  0   5  0  0  0  0  0/1    22:22   3:11   0:00 
Jaromir Jagr             1  2  3  -1  0   2  0  0  0  0  1/1    22:22   3:11   0:00 
Jason Zucker             0  0  0   1  0   2  0  0  0  0  2/4    11:09   0:00   0:34 
Joe Colborne             0  0  0   0  0   1  0  1  0  0  1/1     9:48   0:00   0:00 
Joe Pavelski             1  2  3  -2  0   6  1  0  0  0  19/39  22:30   3:11   0:00 
Nick Holden              0  2  2  -1  0   1  3  3  0  0  0/0    26:57   2:55   1:22 
Radko Gudas              0  1  1   1  0   0  0  1  0  0  0/0     4:39   1:03   0:00 
Rickard Rakell           1  0  1   1  2   2  0  0  0  0  9/23   22:32   0:46   0:00 
Scott Mayfield           0  0  0   1  2   0  3  2  0  0  0/0    17:02   0:00   0:30 
Tobias Enstrom           0  2  2  -1  0   0  1  5  0  0  0/0    25:53   2:31   0:33 

Players Stats for Avalanche

Player Name              G  A  P  +/- PIM S  H  SB GA TA FO     MP     PP MP  PK MP  
------------------------------------------------------------------------------------
Alexander Steen          0  2  2   1  0   1  1  0  0  0  0/0    19:27   1:09   2:29 
Chris Tierney            0  0  0   0  0   1  0  0  0  0  3/7     4:47   0:34   0:00 
David Backes             0  0  0   1  2   7  1  0  0  0  0/1    18:29   1:09   0:00 
Derek Stepan             2  0  2   1  0   3  0  1  0  0  17/31  20:59   1:09   2:29 
Dylan Larkin             0  2  2  -2  0   4  0  2  0  0  4/4    14:46   0:00   0:00 
Jaccob Slavin            0  0  0  -1  0   0  0  4  0  0  0/0    20:03   1:16   2:20 
Jeff Skinner             0  1  1   1  0   1  0  0  0  0  0/0    18:03   0:42   0:00 
Joakim Nordstrom         0  0  0   0  0   1  0  0  0  0  1/3     7:10   0:00   2:57 
Kevin Bieksa             1  0  1   1  4   2  0  2  0  0  0/0    22:28   0:00   1:55 
Kevin Shattenkirk        0  0  0  -1  0   1  2  0  0  0  0/0    17:57   1:16   0:14 
Mark Stuart              0  0  0   0  2   0  2  3  0  0  0/0    17:26   0:00   2:20 
Martin Hanzal            0  0  0   1  2   2  8  1  0  0  14/25  17:04   1:16   0:00 
Mats Zuccarello          0  1  1   1  0   6  0  0  0  0  3/4    17:05   1:16   0:00 
Max Domi                 1  1  2  -2  0   3  1  0  0  0  0/1    14:46   0:00   0:00 
Riley Sheahan            0  0  0   0  0   0  0  0  0  0  2/6     7:10   0:00   2:57 
Sami Vatanen             0  1  1   1  0   1  0  2  0  0  0/0    24:50   1:09   3:06 
Tomas Hertl              1  1  2  -2  0   1  0  0  0  0  10/15  14:46   0:00   0:00 
Tyson Barrie             0  0  0   0  0   0  0  1  0  0  0/0    17:13   1:09   0:57 

3 Stars

1 - Derek Stepan (COL)
2 - Cam Atkinson (WPG)
3 - Adam Lowry (WPG)

Power Play

Jets - 4 on 5 Attempt(s) - 80.00%
Avalanche - 1 on 2 Attempt(s) - 50.00%

Penalty Kill

Jets - 1 on 2 Attempt(s) - 50.00% - Score 0 goal in Penalty Kill
Avalanche - 1 on 5 Attempt(s) - 20.00% - Score 0 goal in Penalty Kill

Team Stat

Jets - Hits : 21 - Faceoff Wins : 43 - Blocked Shots : 15 - Penalty Minutes : 4
Avalanche - Hits : 15 - Faceoff Wins : 54 - Blocked Shots : 16 - Penalty Minutes : 10

Official

Referees : Ian Walsh and Eric Furlatt
Linesman : Kiel Murchison and Scott Driscoll

Game Notes

David Krejci is injured at 5:55 of 1st period (Sore Left Knee)
Radko Gudas is injured at 13:51 of 1st period (Sports Hernia)
Jimmy Howard enters game at 1:11 of 3rd period

Finance

Level 1 -- Attendance: 5847 (89.95%) -- Ticket Income $596,394
Level 2 -- Attendance: 4959 (99.18%) -- Ticket Income $371,925
Level 3 -- Attendance: 2855 (81.57%) -- Ticket Income $157,025
Level 4 -- Attendance: 2007 (100.00%) -- Ticket Income $90,315
Luxury Box -- Attendance: 916 (91.60%) -- Ticket Income $183,200
Game was played at the Pepsi Center.
Total Attendance: 16584 (92.10%)
Total Ticket Income: $1,398,859
Other Income: $209,829
Total Income: $1,608,688

% Time on Ice - Jets

Lines # - Real PCT - Wanted PCT - Time Play
Normal Forward
1 - 37% - 37% - 19:11
2 - 29% - 30% - 15:12
3 - 19% - 21% - 9:48
4 - 15% - 12% - 7:58
Normal Defense
1 - 24% - 34% - 12:29
2 - 34% - 32% - 17:33
3 - 32% - 23% - 16:33
4 - 11% - 11% - 5:34
PP Forward
1 - 59% - 63% - 3:11
2 - 41% - 37% - 2:15
PP Defense
1 - 54% - 70% - 2:55
2 - 46% - 30% - 2:31
PK Forward
1 - 90% - 65% - 2:11
2 - 10% - 35% - 0:14
PK Defense
1 - 57% - 60% - 1:22
2 - 43% - 40% - 1:03
PK3 Forward
1 - 0% - 70%
2 - 0% - 30%
PK3 Defense
1 - 0% - 60%
2 - 0% - 40%
44 Forward
1 - 0% - 50%
2 - 0% - 50%
44 Defense
1 - 0% - 51%
2 - 0% - 49%
Last Minute Offensive  - 0:00
Last Minute Defensive  - 0:00
Total
Forward - 60:00
Defense - 60:00

% Time on Ice - Avalanche

Lines # - Real PCT - Wanted PCT - Time Play
Normal Forward
1 - 33% - 32% - 17:21
2 - 30% - 30% - 15:49
3 - 28% - 28% - 14:46
4 - 8% - 10% - 4:13
Normal Defense
1 - 32% - 32% - 16:52
2 - 32% - 30% - 16:27
3 - 29% - 28% - 15:07
4 - 7% - 10% - 3:43
PP Forward
1 - 52% - 50% - 1:16
2 - 48% - 50% - 1:09
PP Defense
1 - 48% - 50% - 1:09
2 - 52% - 50% - 1:16
PK Forward
1 - 54% - 50% - 2:57
2 - 46% - 50% - 2:29
PK Defense
1 - 57% - 55% - 3:06
2 - 43% - 45% - 2:20
PK3 Forward
1 - 0% - 50%
2 - 0% - 50%
PK3 Defense
1 - 0% - 60%
2 - 0% - 40%
44 Forward
1 - 0% - 50%
2 - 0% - 50%
44 Defense
1 - 0% - 50%
2 - 0% - 50%
Last Minute Offensive  - 0:00
Last Minute Defensive  - 0:00
Total
Forward - 60:00
Defense - 60:00

Play by Play

1st period


0:01 of 1st period - Joe Pavelski wins face-off versus Derek Stepan in neutral zone.
0:01 of 1st period - Joe Pavelski is hit by David Backes.
0:23 of 1st period - Shot by Jamie Benn.
0:23 of 1st period - Stopped by Jake Allen without a rebound.
0:24 of 1st period - Martin Hanzal wins face-off versus David Krejci in Avalanche zone.
0:24 of 1st period - Martin Hanzal is hit by Brayden Schenn.
0:38 of 1st period - Shot by Mats Zuccarello.
0:38 of 1st period - Shot Misses the Net.
0:40 of 1st period - Shot by Alexander Steen.
0:40 of 1st period - Shot Misses the Net.
0:45 of 1st period - Martin Hanzal is hit by Nick Holden.
0:47 of 1st period - Shot by Alexander Steen.
0:47 of 1st period - Deflect By Martin Hanzal.
0:47 of 1st period - Shot Misses the Net.
0:49 of 1st period - Shot by Kevin Shattenkirk.
0:49 of 1st period - Stopped by Cory Schneider without a rebound.
0:50 of 1st period - Tomas Hertl wins face-off versus Frans Nielsen in Jets zone.
1:17 of 1st period - Shot by Rickard Rakell.
1:17 of 1st period - Shot Misses the Net.
1:27 of 1st period - Shot by Rickard Rakell.
1:27 of 1st period - Goal by Rickard Rakell - Jets : 1 - Avalanche : 0.
1:28 of 1st period - Jason Zucker wins face-off versus Chris Tierney in neutral zone.
1:40 of 1st period - Icing by Hampus Lindholm.
1:41 of 1st period - Jason Zucker wins face-off versus Derek Stepan in Jets zone.
2:13 of 1st period - Shot by David Backes.
2:13 of 1st period - Stopped by Cory Schneider without a rebound.
2:14 of 1st period - Joe Pavelski wins face-off versus Martin Hanzal in Jets zone.
2:14 of 1st period - Joe Pavelski is hit by Martin Hanzal.
2:15 of 1st period - Minor Penalty to Martin Hanzal for Holding.
2:16 of 1st period - Joe Pavelski wins face-off versus Riley Sheahan in Avalanche zone.
3:00 of 1st period - Shot by Tobias Enstrom.
3:00 of 1st period - Shot Misses the Net.
3:14 of 1st period - Mark Stuart is hit by Brayden Schenn and loses puck.
3:25 of 1st period - David Krejci is hit by Alexander Steen.
3:31 of 1st period - Shot by Cam Atkinson.
3:31 of 1st period - Shot Blocked by Jaccob Slavin.
4:07 of 1st period - Shot by Jamie Benn.
4:07 of 1st period - Deflect By Joe Pavelski.
4:07 of 1st period - Stopped by Jake Allen without a rebound.
4:08 of 1st period - Joe Pavelski wins face-off versus Derek Stepan in Avalanche zone.
4:13 of 1st period - Shot by Joe Pavelski.
4:13 of 1st period - Shot Blocked by Mark Stuart.
4:28 of 1st period - Frans Nielsen is hit by Mark Stuart and loses puck.
5:11 of 1st period - Ben Lovejoy is hit by Martin Hanzal and loses puck.
5:18 of 1st period - Shot by Mats Zuccarello.
5:18 of 1st period - Stopped by Cory Schneider with a rebound.
5:20 of 1st period - Shot by Mats Zuccarello.
5:20 of 1st period - Stopped by Cory Schneider without a rebound.
5:21 of 1st period - Derek Stepan wins face-off versus Joe Pavelski in Jets zone.
5:53 of 1st period - Shot by David Backes.
5:53 of 1st period - Stopped by Cory Schneider without a rebound.
5:54 of 1st period - David Krejci wins face-off versus Martin Hanzal in Jets zone.
5:54 of 1st period - David Krejci is hit by Martin Hanzal.
5:55 of 1st period - David Krejci from Jets is injured at 5:55 of 1st period (Sore Left Knee).
5:56 of 1st period - Rickard Rakell wins face-off versus Martin Hanzal in Jets zone.
5:56 of 1st period - Rickard Rakell is hit by Martin Hanzal.
6:12 of 1st period - Shot by Alexander Steen.
6:12 of 1st period - Shot Blocked by Nick Holden.
7:28 of 1st period - Shot by Derek Stepan.
7:28 of 1st period - Goal by Derek Stepan - Jets : 1 - Avalanche : 1.
7:29 of 1st period - Tomas Hertl wins face-off versus Boyd Gordon in neutral zone.
7:55 of 1st period - Shot by Max Domi.
7:55 of 1st period - Shot Blocked by Adam Lowry.
8:07 of 1st period - Shot by Dylan Larkin.
8:07 of 1st period - Stopped by Cory Schneider without a rebound.
8:08 of 1st period - Rickard Rakell wins face-off versus Derek Stepan in Jets zone.
8:44 of 1st period - Icing by Tyson Barrie.
8:45 of 1st period - Derek Stepan wins face-off versus Joe Pavelski in Avalanche zone.
9:42 of 1st period - Shot by Mats Zuccarello.
9:42 of 1st period - Shot Blocked by Tobias Enstrom.
9:55 of 1st period - Alexander Steen is hit by Hampus Lindholm and loses puck.
10:22 of 1st period - Dylan Larkin is hit by Tobias Enstrom and loses puck.
10:46 of 1st period - Dylan Larkin is hit by Hampus Lindholm and loses puck.
11:01 of 1st period - Shot by Riley Sheahan.
11:01 of 1st period - Shot Blocked by Tobias Enstrom.
11:37 of 1st period - Shot by Brayden Schenn.
11:37 of 1st period - Stopped by Jake Allen without a rebound.
11:38 of 1st period - Derek Stepan wins face-off versus Boyd Gordon in Avalanche zone.
11:47 of 1st period - Shot by Jason Zucker.
11:47 of 1st period - Shot Blocked by Sami Vatanen.
11:49 of 1st period - Shot by Boyd Gordon.
11:49 of 1st period - Shot Misses the Net.
13:47 of 1st period - Shot by Martin Hanzal.
13:47 of 1st period - Stopped by Cory Schneider with a rebound.
13:51 of 1st period - Shot by Martin Hanzal.
13:51 of 1st period - Deflect By Alexander Steen.
13:51 of 1st period - Shot Blocked by Radko Gudas.
13:51 of 1st period - Radko Gudas from Jets is injured at 13:51 of 1st period (Sports Hernia).
13:52 of 1st period - Tomas Hertl wins face-off versus Joe Pavelski in Jets zone.
13:52 of 1st period - Tomas Hertl is hit by Ben Lovejoy.
13:57 of 1st period - Shot by Max Domi.
13:57 of 1st period - Goal by Max Domi - Jets : 1 - Avalanche : 2.
13:58 of 1st period - Joe Colborne wins face-off versus Martin Hanzal in neutral zone.
14:04 of 1st period - Rickard Rakell is hit by Kevin Shattenkirk and loses puck.
14:21 of 1st period - Icing by Jaccob Slavin.
14:22 of 1st period - Joe Pavelski wins face-off versus Mats Zuccarello in Avalanche zone.
14:23 of 1st period - Shot by Cam Atkinson.
14:23 of 1st period - Stopped by Jake Allen without a rebound.
14:24 of 1st period - Tomas Hertl wins face-off versus Rickard Rakell in Avalanche zone.
14:30 of 1st period - Minor Penalty to Rickard Rakell for Cross-checking.
14:31 of 1st period - Martin Hanzal wins face-off versus Adam Lowry in Jets zone.
16:45 of 1st period - Shot by Dylan Larkin.
16:45 of 1st period - Stopped by Cory Schneider without a rebound.
16:46 of 1st period - Joe Pavelski wins face-off versus Chris Tierney in Jets zone.
17:48 of 1st period - Tomas Hertl is hit by Ben Lovejoy and loses puck.
17:55 of 1st period - Shot by Cam Atkinson.
17:55 of 1st period - Shot Misses the Net.
17:57 of 1st period - Shot by Cam Atkinson.
17:57 of 1st period - Deflect By Brayden Schenn.
17:57 of 1st period - Shot Misses the Net.
17:59 of 1st period - Shot by Nick Holden.
17:59 of 1st period - Shot Blocked by Tyson Barrie.
18:13 of 1st period - Shot by Brayden Schenn.
18:13 of 1st period - Shot Blocked by Mark Stuart.
18:15 of 1st period - Shot by Brayden Schenn.
18:15 of 1st period - Stopped by Jake Allen with a rebound.
18:37 of 1st period - Shot by Adam Lowry.
18:37 of 1st period - Goal by Adam Lowry - Jets : 2 - Avalanche : 2.
18:38 of 1st period - Martin Hanzal wins face-off versus Frans Nielsen in neutral zone.
18:57 of 1st period - Shot by Mats Zuccarello.
18:57 of 1st period - Stopped by Cory Schneider without a rebound.
18:58 of 1st period - Joe Pavelski wins face-off versus Derek Stepan in Jets zone.
19:06 of 1st period - Shot by David Backes.
19:06 of 1st period - Stopped by Cory Schneider without a rebound.
19:07 of 1st period - Martin Hanzal wins face-off versus Joe Pavelski in Jets zone.
19:35 of 1st period - Icing by Kevin Shattenkirk.
19:36 of 1st period - Rickard Rakell wins face-off versus Martin Hanzal in Avalanche zone.
19:36 of 1st period - Brayden Schenn is hit by Kevin Shattenkirk and loses puck.
Goals for this period are 2 for Jets vs 2 for Avalanche.
Shots for this period are 7 for Jets vs 12 for Avalanche.

2nd period


0:01 of 2nd period - Joe Pavelski wins face-off versus Derek Stepan in neutral zone.
0:11 of 2nd period - Off-side.
0:12 of 2nd period - Martin Hanzal wins face-off versus Rickard Rakell in neutral zone.
0:56 of 2nd period - Mats Zuccarello is hit by Ben Lovejoy and loses puck.
1:30 of 2nd period - Icing by Tobias Enstrom.
1:31 of 2nd period - Tomas Hertl wins face-off versus Joe Pavelski in Jets zone.
1:37 of 2nd period - Icing by Tobias Enstrom.
1:38 of 2nd period - Dylan Larkin wins face-off versus Jamie Benn in Jets zone.
1:57 of 2nd period - Minor Penalty to Mark Stuart for Hooking.
1:58 of 2nd period - Rickard Rakell wins face-off versus Derek Stepan in Avalanche zone.
2:03 of 2nd period - Shot by Rickard Rakell.
2:03 of 2nd period - Shot Misses the Net.
2:05 of 2nd period - Shot by Hampus Lindholm.
2:05 of 2nd period - Shot Misses the Net.
2:25 of 2nd period - Shot by Nick Holden.
2:25 of 2nd period - Shot Blocked by Derek Stepan.
2:27 of 2nd period - Shot by Cam Atkinson.
2:27 of 2nd period - Goal by Cam Atkinson - Jets : 3 - Avalanche : 2.
2:28 of 2nd period - Tomas Hertl wins face-off versus Joe Pavelski in neutral zone.
2:33 of 2nd period - Shot by Dylan Larkin.
2:33 of 2nd period - Shot Misses the Net.
2:39 of 2nd period - Shot by Max Domi.
2:39 of 2nd period - Stopped by Cory Schneider without a rebound.
2:40 of 2nd period - Boyd Gordon wins face-off versus Chris Tierney in Jets zone.
4:14 of 2nd period - Shot by Hampus Lindholm.
4:14 of 2nd period - Deflect By Jamie Benn.
4:14 of 2nd period - Shot Misses the Net.
4:22 of 2nd period - Shot by Jaromir Jagr.
4:22 of 2nd period - Shot Misses the Net.
4:24 of 2nd period - Shot by Nick Holden.
4:24 of 2nd period - Shot Blocked by Kevin Bieksa.
5:05 of 2nd period - Icing by Ben Lovejoy.
5:06 of 2nd period - Mats Zuccarello wins face-off versus Frans Nielsen in Jets zone.
6:27 of 2nd period - Tomas Hertl is hit by Scott Mayfield and loses puck.
6:32 of 2nd period - Shot by Max Domi.
6:32 of 2nd period - Stopped by Cory Schneider without a rebound.
6:33 of 2nd period - Derek Stepan wins face-off versus Joe Pavelski in Jets zone.
7:00 of 2nd period - Shot by Jaromir Jagr.
7:00 of 2nd period - Stopped by Jake Allen without a rebound.
7:01 of 2nd period - Martin Hanzal wins face-off versus Boyd Gordon in Avalanche zone.
7:01 of 2nd period - Martin Hanzal is hit by Adam Lowry.
7:11 of 2nd period - Shot by Alexander Steen.
7:11 of 2nd period - Shot Misses the Net.
7:38 of 2nd period - Boyd Gordon is hit by Martin Hanzal and loses puck.
8:08 of 2nd period - Shot by Jamie Benn.
8:08 of 2nd period - Stopped by Jake Allen without a rebound.
8:09 of 2nd period - Derek Stepan wins face-off versus Rickard Rakell in Avalanche zone.
8:16 of 2nd period - Shot by Jeff Skinner.
8:16 of 2nd period - Shot Misses the Net.
8:23 of 2nd period - Jeff Skinner is hit by Nick Holden and loses puck.
8:36 of 2nd period - Shot by David Backes.
8:36 of 2nd period - Shot Blocked by Tobias Enstrom.
8:38 of 2nd period - Shot by Kevin Bieksa.
8:38 of 2nd period - Shot Blocked by Tobias Enstrom.
8:40 of 2nd period - Shot by Kevin Bieksa.
8:40 of 2nd period - Stopped by Cory Schneider without a rebound.
8:41 of 2nd period - Tomas Hertl wins face-off versus Joe Pavelski in Jets zone.
8:52 of 2nd period - Shot by Jamie Benn.
8:52 of 2nd period - Shot Misses the Net.
8:54 of 2nd period - Shot by Jaromir Jagr.
8:54 of 2nd period - Shot Misses the Net.
8:56 of 2nd period - Shot by Hampus Lindholm.
8:56 of 2nd period - Stopped by Jake Allen without a rebound.
8:57 of 2nd period - Frans Nielsen wins face-off versus Chris Tierney in Avalanche zone.
9:00 of 2nd period - Shot by Rickard Rakell.
9:00 of 2nd period - Stopped by Jake Allen without a rebound.
9:01 of 2nd period - Dylan Larkin wins face-off versus Joe Pavelski in Avalanche zone.
9:07 of 2nd period - Sami Vatanen is hit by Nick Holden and loses puck.
9:55 of 2nd period - Icing by Kevin Bieksa.
9:56 of 2nd period - Dylan Larkin wins face-off versus Rickard Rakell in Avalanche zone.
10:01 of 2nd period - Tobias Enstrom is hit by Max Domi and loses puck.
10:28 of 2nd period - Icing by Hampus Lindholm.
10:29 of 2nd period - Derek Stepan wins face-off versus Rickard Rakell in Jets zone.
10:42 of 2nd period - Shot by Brayden Schenn.
10:42 of 2nd period - Stopped by Jake Allen without a rebound.
10:43 of 2nd period - Mats Zuccarello wins face-off versus Joe Pavelski in Avalanche zone.
10:51 of 2nd period - Off-side.
10:52 of 2nd period - Joe Pavelski wins face-off versus David Backes in neutral zone.
11:58 of 2nd period - Icing by Frans Nielsen.
11:59 of 2nd period - Frans Nielsen wins face-off versus Martin Hanzal in Jets zone.
12:01 of 2nd period - Tobias Enstrom is hit by Martin Hanzal and loses puck.
12:16 of 2nd period - Icing by Tobias Enstrom.
12:17 of 2nd period - Dylan Larkin wins face-off versus Frans Nielsen in Jets zone.
13:29 of 2nd period - Shot by Brayden Schenn.
13:29 of 2nd period - Shot Misses the Net.
13:31 of 2nd period - Shot by Cam Atkinson.
13:31 of 2nd period - Stopped by Jake Allen with a rebound.
13:33 of 2nd period - Shot by Nick Holden.
13:33 of 2nd period - Stopped by Jake Allen without a rebound.
13:34 of 2nd period - Martin Hanzal wins face-off versus Joe Pavelski in Avalanche zone.
13:36 of 2nd period - Icing by Mats Zuccarello.
13:37 of 2nd period - Joe Pavelski wins face-off versus Martin Hanzal in Avalanche zone.
13:50 of 2nd period - Shot by Jamie Benn.
13:50 of 2nd period - Shot Blocked by Martin Hanzal.
13:52 of 2nd period - Shot by Jaromir Jagr.
13:52 of 2nd period - Shot Hit the Post.
13:58 of 2nd period - Shot by Jamie Benn.
13:58 of 2nd period - Shot Misses the Net.
14:00 of 2nd period - Shot by Joe Pavelski.
14:00 of 2nd period - Deflect By Jamie Benn.
14:00 of 2nd period - Stopped by Jake Allen without a rebound.
14:01 of 2nd period - Derek Stepan wins face-off versus Rickard Rakell in Avalanche zone.
14:06 of 2nd period - Shot by Derek Stepan.
14:06 of 2nd period - Deflect By David Backes.
14:06 of 2nd period - Stopped by Cory Schneider with a rebound.
14:08 of 2nd period - Shot by Derek Stepan.
14:08 of 2nd period - Shot Misses the Net.
14:12 of 2nd period - Shot by Jeff Skinner.
14:12 of 2nd period - Shot Misses the Net.
14:20 of 2nd period - Shot by David Backes.
14:20 of 2nd period - Stopped by Cory Schneider without a rebound.
14:21 of 2nd period - Joe Pavelski wins face-off versus Martin Hanzal in Jets zone.
14:27 of 2nd period - Minor Penalty to Scott Mayfield for Roughing.
14:28 of 2nd period - Derek Stepan wins face-off versus Adam Lowry in Jets zone.
14:29 of 2nd period - Shot by Sami Vatanen.
14:29 of 2nd period - Stopped by Cory Schneider without a rebound.
14:30 of 2nd period - Derek Stepan wins face-off versus Adam Lowry in Jets zone.
14:51 of 2nd period - Shot by Derek Stepan.
14:51 of 2nd period - Shot Blocked by Boyd Gordon.
14:53 of 2nd period - Shot by Derek Stepan.
14:53 of 2nd period - Goal by Derek Stepan - Jets : 3 - Avalanche : 3.
14:54 of 2nd period - Joakim Nordstrom wins face-off versus Rickard Rakell in neutral zone.
15:07 of 2nd period - Shot by Chris Tierney.
15:07 of 2nd period - Stopped by Cory Schneider with a rebound.
15:19 of 2nd period - Shot by Joakim Nordstrom.
15:19 of 2nd period - Stopped by Cory Schneider without a rebound.
15:20 of 2nd period - Martin Hanzal wins face-off versus Joe Pavelski in Jets zone.
15:44 of 2nd period - Shot by Mats Zuccarello.
15:44 of 2nd period - Shot Blocked by Nick Holden.
15:46 of 2nd period - Shot by Alexander Steen.
15:46 of 2nd period - Shot Misses the Net.
15:48 of 2nd period - Shot by Kevin Bieksa.
15:48 of 2nd period - Goal by Kevin Bieksa - Jets : 3 - Avalanche : 4.
15:49 of 2nd period - Frans Nielsen wins face-off versus Derek Stepan in neutral zone.
15:52 of 2nd period - Shot by Joe Colborne.
15:52 of 2nd period - Shot Misses the Net.
15:54 of 2nd period - Shot by Frans Nielsen.
15:54 of 2nd period - Shot Misses the Net.
16:02 of 2nd period - Shot by Joe Colborne.
16:02 of 2nd period - Shot Blocked by Jaccob Slavin.
16:04 of 2nd period - Shot by Rickard Rakell.
16:04 of 2nd period - Shot Misses the Net.
16:51 of 2nd period - Shot by Mats Zuccarello.
16:51 of 2nd period - Shot Misses the Net.
17:21 of 2nd period - Shot by Mats Zuccarello.
17:21 of 2nd period - Shot Misses the Net.
17:24 of 2nd period - Icing by Nick Holden.
17:25 of 2nd period - Joe Pavelski wins face-off versus Max Domi in Jets zone.
17:37 of 2nd period - Icing by Mark Stuart.
17:38 of 2nd period - Rickard Rakell wins face-off versus Tomas Hertl in Avalanche zone.
17:41 of 2nd period - Shot by Brayden Schenn.
17:41 of 2nd period - Shot Misses the Net.
17:49 of 2nd period - Shot by Brayden Schenn.
17:49 of 2nd period - Deflect By Cam Atkinson.
17:49 of 2nd period - Goal by Cam Atkinson - Jets : 4 - Avalanche : 4.
17:50 of 2nd period - Derek Stepan wins face-off versus Jason Zucker in neutral zone.
18:33 of 2nd period - Shot by David Backes.
18:33 of 2nd period - Shot Misses the Net.
18:47 of 2nd period - Alexander Steen is hit by Adam Lowry and loses puck.
19:21 of 2nd period - Minor Penalty to Kevin Bieksa for High sticking.
19:22 of 2nd period - Riley Sheahan wins face-off versus Joe Pavelski in Avalanche zone.
19:33 of 2nd period - Icing by Hampus Lindholm.
19:34 of 2nd period - Riley Sheahan wins face-off versus Joe Pavelski in Jets zone.
Goals for this period are 2 for Jets vs 2 for Avalanche.
Shots for this period are 10 for Jets vs 10 for Avalanche.

3rd period


0:01 of 3rd period - Derek Stepan wins face-off versus Joe Pavelski in neutral zone.
0:14 of 3rd period - Shot by Jamie Benn.
0:14 of 3rd period - Deflect By Joe Pavelski.
0:14 of 3rd period - Shot Blocked by Jaccob Slavin.
0:16 of 3rd period - Shot by Jaromir Jagr.
0:16 of 3rd period - Goal by Jaromir Jagr - Jets : 5 - Avalanche : 4.
0:17 of 3rd period - Derek Stepan wins face-off versus Rickard Rakell in neutral zone.
0:32 of 3rd period - Shot by Jeff Skinner.
0:32 of 3rd period - Shot Blocked by Scott Mayfield.
0:44 of 3rd period - Shot by David Backes.
0:44 of 3rd period - Stopped by Cory Schneider without a rebound.
0:45 of 3rd period - Joe Pavelski wins face-off versus Tomas Hertl in Jets zone.
1:09 of 3rd period - Shot by Joe Pavelski.
1:09 of 3rd period - Stopped by Jake Allen with a rebound.
1:11 of 3rd period - Shot by Jamie Benn.
1:11 of 3rd period - Goal by Jamie Benn - Jets : 6 - Avalanche : 4.
1:11 of 3rd period - Jimmy Howard enters game.
1:12 of 3rd period - Martin Hanzal wins face-off versus Rickard Rakell in neutral zone.
1:17 of 3rd period - Shot by Sami Vatanen.
1:17 of 3rd period - Shot Blocked by Scott Mayfield.
1:19 of 3rd period - Shot by Mats Zuccarello.
1:19 of 3rd period - Stopped by Cory Schneider without a rebound.
1:20 of 3rd period - Frans Nielsen wins face-off versus Martin Hanzal in Jets zone.
1:20 of 3rd period - Frans Nielsen is hit by Martin Hanzal.
1:23 of 3rd period - Icing by Rickard Rakell.
1:24 of 3rd period - Rickard Rakell wins face-off versus Martin Hanzal in Jets zone.
1:40 of 3rd period - Shot by Rickard Rakell.
1:40 of 3rd period - Shot Blocked by Sami Vatanen.
2:21 of 3rd period - Nick Holden is hit by Martin Hanzal and loses puck.
2:50 of 3rd period - Shot by Jeff Skinner.
2:50 of 3rd period - Shot Blocked by Nick Holden.
3:09 of 3rd period - Shot by Jeff Skinner.
3:09 of 3rd period - Shot Misses the Net.
3:11 of 3rd period - Shot by David Backes.
3:11 of 3rd period - Stopped by Cory Schneider without a rebound.
3:12 of 3rd period - Tomas Hertl wins face-off versus Rickard Rakell in Jets zone.
3:46 of 3rd period - Shot by Tomas Hertl.
3:46 of 3rd period - Shot Misses the Net.
4:05 of 3rd period - Icing by Cam Atkinson.
4:06 of 3rd period - Martin Hanzal wins face-off versus Rickard Rakell in Jets zone.
4:06 of 3rd period - Martin Hanzal is hit by Scott Mayfield.
4:58 of 3rd period - Jaromir Jagr is hit by Mark Stuart and loses puck.
5:30 of 3rd period - Shot by Joe Pavelski.
5:30 of 3rd period - Deflect By Jamie Benn.
5:30 of 3rd period - Shot Misses the Net.
5:37 of 3rd period - Icing by Kevin Bieksa.
5:38 of 3rd period - Boyd Gordon wins face-off versus Derek Stepan in Avalanche zone.
5:44 of 3rd period - Minor Penalty to Kevin Bieksa for Hooking.
5:45 of 3rd period - Joe Pavelski wins face-off versus Riley Sheahan in Avalanche zone.
5:48 of 3rd period - Shot by Joe Pavelski.
5:48 of 3rd period - Stopped by Jimmy Howard without a rebound.
5:49 of 3rd period - Joe Pavelski wins face-off versus Riley Sheahan in Avalanche zone.
5:58 of 3rd period - Shot by Joe Pavelski.
5:58 of 3rd period - Stopped by Jimmy Howard without a rebound.
5:59 of 3rd period - Frans Nielsen wins face-off versus Riley Sheahan in Avalanche zone.
7:02 of 3rd period - Shot by Joe Pavelski.
7:02 of 3rd period - Goal by Joe Pavelski - Jets : 7 - Avalanche : 4.
7:03 of 3rd period - Boyd Gordon wins face-off versus Tomas Hertl in neutral zone.
7:14 of 3rd period - Shot by Jason Zucker.
7:14 of 3rd period - Shot Blocked by Dylan Larkin.
7:16 of 3rd period - Shot by Adam Lowry.
7:16 of 3rd period - Shot Misses the Net.
7:34 of 3rd period - Kevin Bieksa is hit by Adam Lowry and loses puck.
7:39 of 3rd period - Shot by Jason Zucker.
7:39 of 3rd period - Stopped by Jimmy Howard without a rebound.
7:40 of 3rd period - Joe Pavelski wins face-off versus Derek Stepan in Avalanche zone.
7:41 of 3rd period - Shot by Jamie Benn.
7:41 of 3rd period - Shot Misses the Net.
8:48 of 3rd period - Shot by Max Domi.
8:48 of 3rd period - Shot Blocked by Tobias Enstrom.
8:50 of 3rd period - Shot by Tomas Hertl.
8:50 of 3rd period - Shot Misses the Net.
9:06 of 3rd period - Shot by Tomas Hertl.
9:06 of 3rd period - Shot Blocked by Joe Colborne.
9:08 of 3rd period - Shot by Tomas Hertl.
9:08 of 3rd period - Goal by Tomas Hertl - Jets : 7 - Avalanche : 5.
9:09 of 3rd period - Chris Tierney wins face-off versus Jason Zucker in neutral zone.
9:22 of 3rd period - Shot by Cam Atkinson.
9:22 of 3rd period - Shot Blocked by Kevin Bieksa.
9:34 of 3rd period - Shot by Brayden Schenn.
9:34 of 3rd period - Shot Misses the Net.
9:59 of 3rd period - Icing by Kevin Bieksa.
10:00 of 3rd period - Chris Tierney wins face-off versus Joe Pavelski in Avalanche zone.
10:24 of 3rd period - Icing by Tomas Hertl.
10:25 of 3rd period - Tomas Hertl wins face-off versus Frans Nielsen in Avalanche zone.
10:37 of 3rd period - Shot by Dylan Larkin.
10:37 of 3rd period - Shot Blocked by Hampus Lindholm.
10:51 of 3rd period - Shot by Dylan Larkin.
10:51 of 3rd period - Deflect By Max Domi.
10:51 of 3rd period - Shot Misses the Net.
10:53 of 3rd period - Shot by Tomas Hertl.
10:53 of 3rd period - Deflect By Dylan Larkin.
10:53 of 3rd period - Stopped by Cory Schneider without a rebound.
10:54 of 3rd period - Derek Stepan wins face-off versus Joe Pavelski in Jets zone.
11:29 of 3rd period - Icing by Nick Holden.
11:30 of 3rd period - Joe Pavelski wins face-off versus Martin Hanzal in Jets zone.
11:49 of 3rd period - Icing by Sami Vatanen.
11:50 of 3rd period - Martin Hanzal wins face-off versus Rickard Rakell in Avalanche zone.
12:03 of 3rd period - Shot by Martin Hanzal.
12:03 of 3rd period - Shot Misses the Net.
12:12 of 3rd period - Kevin Bieksa is hit by Hampus Lindholm and loses puck.
12:17 of 3rd period - Shot by Alexander Steen.
12:17 of 3rd period - Stopped by Cory Schneider without a rebound.
12:18 of 3rd period - Derek Stepan wins face-off versus Boyd Gordon in Jets zone.
12:18 of 3rd period - Derek Stepan is hit by Scott Mayfield.
12:22 of 3rd period - Shot by Jeff Skinner.
12:22 of 3rd period - Deflect By David Backes.
12:22 of 3rd period - Shot Misses the Net.
12:48 of 3rd period - Shot by Adam Lowry.
12:48 of 3rd period - Stopped by Jimmy Howard without a rebound.
12:49 of 3rd period - Rickard Rakell wins face-off versus Tomas Hertl in Avalanche zone.
13:06 of 3rd period - Shot by Dylan Larkin.
13:06 of 3rd period - Shot Misses the Net.
13:17 of 3rd period - Icing by Ben Lovejoy.
13:18 of 3rd period - Mats Zuccarello wins face-off versus Rickard Rakell in Jets zone.
13:57 of 3rd period - Shot by Jamie Benn.
13:57 of 3rd period - Shot Misses the Net.
13:59 of 3rd period - Shot by Hampus Lindholm.
13:59 of 3rd period - Stopped by Jimmy Howard without a rebound.
14:00 of 3rd period - Derek Stepan wins face-off versus Boyd Gordon in Avalanche zone.
14:00 of 3rd period - Derek Stepan is hit by Adam Lowry.
14:13 of 3rd period - Minor Penalty to David Backes for Hooking.
14:14 of 3rd period - Jaromir Jagr wins face-off versus Joakim Nordstrom in Avalanche zone.
14:17 of 3rd period - Shot by Joe Pavelski.
14:17 of 3rd period - Stopped by Jimmy Howard without a rebound.
14:18 of 3rd period - Derek Stepan wins face-off versus Joe Pavelski in Avalanche zone.
14:29 of 3rd period - Shot by Jamie Benn.
14:29 of 3rd period - Shot Misses the Net.
14:31 of 3rd period - Shot by Jaromir Jagr.
14:31 of 3rd period - Deflect By Jamie Benn.
14:31 of 3rd period - Stopped by Jimmy Howard without a rebound.
14:32 of 3rd period - Rickard Rakell wins face-off versus Derek Stepan in Avalanche zone.
14:39 of 3rd period - Shot by Rickard Rakell.
14:39 of 3rd period - Shot Misses the Net.
14:43 of 3rd period - Shot by Hampus Lindholm.
14:43 of 3rd period - Shot Misses the Net.
14:45 of 3rd period - Shot by Rickard Rakell.
14:45 of 3rd period - Shot Misses the Net.
14:47 of 3rd period - Shot by Hampus Lindholm.
14:47 of 3rd period - Stopped by Jimmy Howard without a rebound.
14:48 of 3rd period - Joe Pavelski wins face-off versus Joakim Nordstrom in Avalanche zone.
14:51 of 3rd period - Shot by Ben Lovejoy.
14:51 of 3rd period - Shot Misses the Net.
14:53 of 3rd period - Shot by Tobias Enstrom.
14:53 of 3rd period - Shot Blocked by Mark Stuart.
14:55 of 3rd period - Shot by Jaromir Jagr.
14:55 of 3rd period - Shot Misses the Net.
14:57 of 3rd period - Shot by Ben Lovejoy.
14:57 of 3rd period - Goal by Ben Lovejoy - Jets : 8 - Avalanche : 5.
14:58 of 3rd period - Frans Nielsen wins face-off versus Derek Stepan in neutral zone.
15:11 of 3rd period - Shot by Derek Stepan.
15:11 of 3rd period - Stopped by Cory Schneider with a rebound.
15:31 of 3rd period - Icing by Kevin Bieksa.
15:32 of 3rd period - Joe Pavelski wins face-off versus Derek Stepan in Avalanche zone.
16:40 of 3rd period - Shot by Dylan Larkin.
16:40 of 3rd period - Stopped by Cory Schneider without a rebound.
16:41 of 3rd period - Martin Hanzal wins face-off versus Rickard Rakell in Jets zone.
16:58 of 3rd period - Shot by Martin Hanzal.
16:58 of 3rd period - Stopped by Cory Schneider without a rebound.
16:59 of 3rd period - Tomas Hertl wins face-off versus Boyd Gordon in Jets zone.
17:30 of 3rd period - Shot by Adam Lowry.
17:30 of 3rd period - Shot Blocked by Dylan Larkin.
17:33 of 3rd period - Icing by Kevin Shattenkirk.
17:34 of 3rd period - Frans Nielsen wins face-off versus Tomas Hertl in Avalanche zone.
17:55 of 3rd period - Shot by Frans Nielsen.
17:55 of 3rd period - Deflect By Joe Colborne.
17:55 of 3rd period - Shot Blocked by Jaccob Slavin.
17:57 of 3rd period - Shot by Frans Nielsen.
17:57 of 3rd period - Shot Misses the Net.
18:11 of 3rd period - Shot by Joe Colborne.
18:11 of 3rd period - Stopped by Jimmy Howard without a rebound.
18:12 of 3rd period - Martin Hanzal wins face-off versus Joe Pavelski in Avalanche zone.
18:50 of 3rd period - Shot by Mats Zuccarello.
18:50 of 3rd period - Stopped by Cory Schneider without a rebound.
18:51 of 3rd period - Derek Stepan wins face-off versus Cam Atkinson in Jets zone.
18:51 of 3rd period - Mark Stuart is hit by Ben Lovejoy and loses puck.
19:19 of 3rd period - Shot by David Backes.
19:19 of 3rd period - Deflect By Jeff Skinner.
19:19 of 3rd period - Stopped by Cory Schneider without a rebound.
19:20 of 3rd period - Chris Tierney wins face-off versus Boyd Gordon in Jets zone.
19:27 of 3rd period - Shot by Jason Zucker.
19:27 of 3rd period - Stopped by Jimmy Howard without a rebound.
19:28 of 3rd period - Martin Hanzal wins face-off versus Joe Pavelski in Avalanche zone.
19:28 of 3rd period - Martin Hanzal is hit by Joe Pavelski.
19:44 of 3rd period - Shot by Mats Zuccarello.
19:44 of 3rd period - Stopped by Cory Schneider without a rebound.
19:45 of 3rd period - Rickard Rakell wins face-off versus Derek Stepan in Jets zone.
Goals for this period are 4 for Jets vs 1 for Avalanche.
Shots for this period are 15 for Jets vs 12 for Avalanche.